 Dungeon Crawl Stone Soup version 0.32-a0-172-gc5dd13f2a7 (webtiles) character file.

Game seed: 7498423766323407342

1940 Dittersdorf the Trooper (level 9, 0/57 HPs)
             Began as a Gargoyle Fighter on Feb 12, 2024.
             Was an Initiate of Gozag.
             Constricted to death by Erica (2 damage)
             ... on level 8 of the Dungeon.
             The game lasted 00:07:19 (6190 turns).

Dittersdorf the Trooper (Gargoyle Fighter)          Turns: 6190, Time: 00:07:19

Health: 0/57       AC: 25    Str: 24    XL:     9   Next: 18%
Magic:  9/9        EV: 11    Int:  9    God:    Gozag
Gold:   395        SH:  5    Dex:  9    Spells: 8/8 levels left

rFire   . . .        C - +1 flail (protect)
rCold   . . .        c - +0 buckler
rNeg    + + .        b - +0 scale mail
rPois   ∞            s - +0 helmet
rElec   +            (no cloak)
rCorr   .            i - +0 pair of gloves
SInv    .            z - +0 pair of boots
Will    .....        m - amulet of the acrobat Stlth
                     h - +5 ring of evasion
HPRegen 0.29/turn    u - ring of positive energy
MPRegen 0.11/turn

%: acrobat
@: under a protective aura, slowed, constricted, very slow
A: sickness immunity, AC +6, negative energy resistance 1, electricity
resistance, torment resistance 1, petrification resistance
a: Renounce Religion, Potion Petition, Call Merchant, Bribe Branch


You were on level 8 of the Dungeon.
You worshipped Gozag.
Gozag was aware of your devotion.
You visited 2 branches of the dungeon, and saw 9 of its levels.

You collected 573 gold pieces.
You paid 178 gold pieces to Gozag.

Inventory:

Hand Weapons
 C - a +1 flail of protection (weapon)
Missiles
 B - a curare-tipped dart (quivered)
Armour
 b - a +0 scale mail (worn)
 c - a +0 buckler (worn)
 i - a +0 pair of gloves (worn)
 s - a +0 helmet (worn)
 w - a +0 plate armour
 z - a +0 pair of boots (worn)
Jewellery
 h - a +5 ring of evasion (left hand)
 m - an amulet of the acrobat (around neck)
 u - a ring of positive energy (right hand)
Wands
 A - a wand of digging (5)
Scrolls
 g - 3 scrolls of teleportation
 l - 3 scrolls of fear
 r - a scroll of revelation
 t - 4 scrolls of noise {unknown}
 x - a scroll of poison {unknown}
 y - a scroll of torment {unknown}
 E - a scroll of vulnerability {unknown}
 F - a scroll of brand weapon {unknown}
Potions
 d - a potion of might
 e - 5 potions of heal wounds {unknown}
 f - 9 potions of haste {unknown}
 j - 5 potions of invisibility {unknown}
 n - a potion of attraction {unknown}
 o - a potion of magic {unknown}
 p - 2 potions of enlightenment {unknown}
 v - 3 potions of berserk rage
 D - a potion of mutation


   Skills:
 + Level 7.2 Fighting
 + Level 6.1 Maces & Flails
 + Level 7.2 Armour
 + Level 7.1 Shields


You had 8 spell levels left.
You didn't know any spells.
Your spell library contained the following spells:

 Spells                   Type           Power      Damage    Failure   Level
 Apportation              Tloc           0%         N/A       71%         1
 Magic Dart               Conj           0%         1d3       71%         1
 Necrotise                Necr           0%         1d4       71%         1
 Shock                    Conj/Air       0%         1d3       71%         1
 Sting                    Conj/Alch      0%         1d3       71%         1
 Summon Small Mammal      Summ           0%         N/A       71%         1
 Ensorcelled Hibernation  Hex/Ice        0%         N/A       85%         2
 Searing Ray              Conj           0%         2d4       85%         2
 Inner Flame              Hex/Fire       0%         N/A       97%         3
 Passwall                 Erth           0%         N/A       97%         3
 Swiftness                Air            0%         N/A       97%         3
 Airstrike                Air            0%         2d(0-16)  100%        4
 Flame Wave               Conj/Fire      0%         2d4       100%        4
 Fulminant Prism          Conj/Alch      0%         3d5       100%        4
 Olgreb's Toxic Radiance  Alch           0%         N/A       100%        4
 Sticky Flame             Fire/Alch      0%         2d4       100%        4
 Ozocubu's Refrigeration  Ice            0%         4d7       100%        7
 Discord                  Hex            0%         N/A       100%        8


Dungeon Overview and Level Annotations

Branches:
Dungeon (8/15)             Temple (1/1) D:7            Lair (0/5) D:8

Altars:
Ashenzari
Cheibriados
Dithmenos
Elyvilon
Fedhas
Gozag
Hepliaklqana
Kikubaaqudgha
Makhleb
Nemelex Xobeh
Okawaru
Qazlal
Ru
Sif Muna
Trog
Uskayaw
Wu Jian
Xom
Yredelemnul
Zin

Shops:
D:7 *:!!(

Portals:
Bailey: D:8

Annotations:
D:4 2 transporters, MasterT's ghost, novice MiFi
D:8 Erica


Innate Abilities, Weirdness & Mutations

You are immune to sickness and miasma.
Your stone body is resilient. (AC +6)
You are immune to poison.
You resist negative energy. (rN+)
You are resistant to electric shocks. (rElec)
You are resistant to unholy torment.
You are immune to petrification.


Message History

You miss something. Something hits you. Something burns you.
You are constricted.
You miss something. Something hits you but does no damage.
You are constricted.
You sock something!
Your weapon exudes an aura of protection.
Something hits you but does no damage.
You are constricted.
You miss something. You block something's attack.
You are constricted.
You hit something. Something hits you. Something burns you.
You are constricted.
You sock something! Something hits you but does no damage.
You are constricted.
You barely miss something.
You hear some strange, mumbled words.
A bolt of poison appears from out of thin air!
The bolt of poison hits you but does no damage.
You resist.
You are constricted.
Something hits you but does no damage.
You are constricted.
You miss something. Something hits you! Something burns you.
You are constricted.
You sock something!
You hear some strange, mumbled words.
You feel yourself slow down.
You are constricted.
You miss something. Something hits you but does no damage.
You are constricted.
You closely miss something. You block something's attack.
You are constricted.
Something hits you!
* * * LOW HITPOINT WARNING * * *
Something burns you.
* * * LOW HITPOINT WARNING * * *
You are constricted.
You barely miss something. Something hits you!
* * * LOW HITPOINT WARNING * * *
Something burns you.
* * * LOW HITPOINT WARNING * * *
You are constricted.
Something hits you but does no damage.
You are constricted.
You sock something!
Your weapon exudes an aura of protection.
Something hits you but does no damage.
You are constricted.
Something hits you but does no damage.
You are constricted.
You die...
Your body crumbles into a pile of gold.

*****#.##.#.# *,**,,,,,,,,,,,,
,,,,##......# *,**,**,**,,****
***,?.....#.## *,**,,,,**,,**,,
***,##.......#####,**,**,,,,,,,,*
,,,,.............#,**,**,**,,****
,**.##.......###.#,,,,,,,**,,,,,,
,**,......#..# #.#***,,,,,,,*****
,,,,##.......# #.#******,****
,****#.##>##.# #@#*,,,,,,* ,*
#....,..# #{#*,***,,* ,*
##..,,.## #.#*,*,*,,* ,***
#..,,.***#.[*,***,,* ,,,*
*,,,,,*,,...,,,,,,** ,*,*
*,,,,,*,,)..#,***** ,*,*
*,,,,,*,,∩).#,* ,*,*
*******,.)..#,* ,*,******
*,,,,,*,*


There were no monsters in sight!

Vanquished Creatures
  4 water moccasins
  A black bear (D:5)
  An ogre (D:3)
  A centaur (D:5)
  A kobold brigand (D:7)
  A phantom (D:5)
  A bullfrog (D:5)
  3 scorpions
  3 hounds
  A jelly (D:6)
  A bombardier beetle (D:5)
  4 orc priests
  A gnoll bouda (D:6)
  An iron imp (D:7)
  2 sleepcaps (D:5)
  4 iguanas
  6 orc wizards
  Robin (D:4)
  3 gnolls (D:6)
  3 adders
  2 shadow imps (D:6)
  3 white imps
  2 ufetubi (D:6)
  2 ribbon worms
  4 dart slugs
  17 orcs
  7 ball pythons
  4 bats (D:1)
  7 endoplasms
  3 giant cockroaches
  9 hobgoblins
  14 jackals
  8 kobolds
  3 quokkas
  A frilled lizard (D:3)
  14 goblins
  4 rats
147 creatures vanquished.

Notes
Turn   | Place    | Note
-------+----------+-------------------------------------------
     0 | D:1      | Dittersdorf the Gargoyle Fighter began the quest for the
                  | Orb.
     0 | D:1      | Reached XP level 1. HP: 14/14 MP: 1/1
   220 | D:1      | Reached XP level 2. HP: 19/19 MP: 2/2
   557 | D:1      | Reached XP level 3. HP: 23/23 MP: 3/3
  1099 | D:2      | Reached XP level 4. HP: 29/29 MP: 4/4
  1457 | D:3      | Noticed an ogre
  1469 | D:3      | Killed an ogre
  1470 | D:3      | Reached XP level 5. HP: 33/33 MP: 5/5
  1993 | D:3      | Found a shimmering altar of Xom.
  2093 | D:4      | Found a transporter.
  2093 | D:4      | Noticed MasterT's ghost (novice MiFi)
  2243 | D:4      | Reached XP level 6. HP: 38/39 MP: 6/6
  2311 | D:4      | Noticed Robin
  2382 | D:4      | Killed Robin
  2476 | D:4      | Found a transporter.
  2815 | D:5      | Entered Level 5 of the Dungeon
  2931 | D:5      | Noticed a black bear
  2944 | D:5      | Killed a black bear
  3014 | D:5      | Reached skill level 5 in Fighting
  3014 | D:5      | Reached skill level 5 in Armour
  3014 | D:5      | Reached skill level 5 in Shields
  3014 | D:5      | Reached XP level 7. HP: 40/44 MP: 7/7
  3159 | D:5      | Found a glowing silver altar of Zin.
  3605 | D:5      | Found a sacrificial altar of Ru.
  3608 | D:5      | Found a blossoming altar of Fedhas.
  3948 | D:5      | Reached XP level 8. HP: 51/51 MP: 8/8
  4381 | D:5      | Reached skill level 5 in Maces & Flails
  5354 | D:7      | Found Kafiac's Distillery.
  5420 | D:7      | Found Joenla's Assorted Antiques.
  5447 | D:7      | Found Vutrow's Book Shoppe.
  5566 | D:7      | Found Kiomad's Antique Weapon Shop.
  5586 | D:7      | Found a staircase to the Ecumenical Temple.
  5604 | D:7      | Reached XP level 9. HP: 43/56 MP: 9/9
  5650 | Temple   | Entered the Ecumenical Temple
  5656 | Temple   | Became a worshipper of Gozag Ym Sagoz the Greedy
  5745 | D:7      | Found Qilu's Distillery.
  5971 | D:7      | Found a burning altar of Makhleb.
  6171 | D:8      | Noticed Erica
  6174 | D:8      | Found a flagged portal.
  6189 | D:8      | HP: 2/57 [something (1)]
  6190 | D:8      | Constricted to death by Erica

Illustrated notes

Levels and vault maps discovered:
D:1:      dpeg_arrival_signposts, layout_basic, minmay_domino_4
D:2:      layout_rooms
D:3:      layout_basic, lemuel_round_altar, fountainhead
D:4:      layout_loops_ring, gammafunk_ghost_abyssal_escape,
          hangedman_abyss_or_decor_passed, uniq_robin
D:5:      layout_basic, nicolae_overflow_squiral, zin_statuary
D:6:      layout_rooms
D:7:      layout_basic, demons_altar, minmay_temple_entry_glass, serial_shops,
          shop, nicolae_shop_hallway_stairs, nicolae_shop_industrial_runoff,
          nicolae_shop_just_a_little_nook, nicolae_shop_stone,
          chequers_serial_rivers_small_3, nrook_loot_triangle, abandoned_shop
D:8:      layout_loops_cross, gammafunk_temple_overflow_statue,
          david_lair_generic, enter_bailey_2, kennysheep_cross_room,
          item_on_display_a, uniq_jeremiah, uniq_erica, uniq_joseph
Temple:   nicolae_temple_bog_church

Skill      XL: |  1  2  3  4  5  6  7  8  9 |
---------------+----------------------------+-----
Fighting       | 4 5 6 7 |  7.2
Maces & Flails | 3 4 5 6 |  6.1
Armour         | 4 5 7 |  7.2
Shields        | 4 5 7 |  7.1

Action                     |  1- 3 |  4- 6 |  7- 9 || total
---------------------------+-------+-------+-------++-------
  Melee: Flail             |   106 |   220 |   396 ||   722
    Use: Scroll            |       |       |     7 ||     7
 Armour: Scale mail        |    66 |   141 |   276 ||   483
  Dodge: Dodged            |   128 |   197 |   340 ||   665
  Block: Buckler           |    35 |    58 |   100 ||   193

Table legend: (Time is in decaauts)
 A = Elapsed time spent in this place.
 B = Non-inter-level travel time spent in this place.
 C = Inter-level travel time spent in this place.
 D = Time resting spent in this place.
 E = Time spent auto-exploring this place.
 F = Levels seen in this place.
 G = Mean time per level.
                   A        B        C        D        E       F      G
               +--------+--------+--------+--------+--------+-----+--------+
         Total |   6364 |   6106 |    258 |    525 |   4065 |   9 |  707.1 |
       Dungeon |   6349 |   6103 |    246 |    525 |   4065 |   8 |  793.6 |
        Temple |     15 |      3 |     12 |      0 |      0 |   1 |   15.0 |
               +--------+--------+--------+--------+--------+-----+--------+

Top non-repeatable levels by time:
     D:5: 1871 daAuts
     D:1: 844 daAuts
     D:7: 798 daAuts
     D:4: 797 daAuts
     D:6: 705 daAuts
     D:3: 685 daAuts
     D:2: 573 daAuts
     D:8: 72 daAuts
  Temple: 15 daAuts
